 Dungeon Sprint DCSS version 0.32-a0-918-g0f22ef8d61 (webtiles) character file.

Game seed: 1852092070721842724

276 Conn the Arsonist (level 6, -5/37 HPs)
             Began as an Octopode Fire Elementalist on Apr 10, 2024.
             Was a Priest of Sif Muna.
             Killed by divine providence
             ... invoked by an orc priest
              (24 damage)
             ... in the Dungeon (Sprint VII: "The Pits").
             The game lasted 00:02:07 (291 turns).

Conn the Arsonist (Octopode Fire Elementalist)       Turns: 291, Time: 00:02:08

Health: -5/37      AC:  1    Str:  7    XL:     6   Next: 25%
Magic:  1/15       EV: 13    Int: 20    God:    Sif Muna [***...]
Gold:   0          SH:  0    Dex: 12    Spells: 7/17 levels left

rFire   . . .        g - +2 falchion
rCold   . . .        (no shield)
rNeg    . . .        (helmet restricted)
rPois   .            (no amulet)
rElec   .            (no ring)
rCorr   .            (no ring)
SInv    .            (no ring)
Will    .....        (no ring)
Stlth   ++++         (no ring)
HPRegen 0.26/turn    (no ring)
MPRegen 0.14/turn    (no ring)
                     (no ring)

%: no teleportation
@: fragile (+50% incoming damage), very slightly contaminated
A: almost no armour, amphibious, 8 rings, camouflage 1, gelatinous body 1,
(nimble swimmer 1), tentacles
a: Renounce Religion, Channel Magic, Forget Spell


You were in the Dungeon.
You worshipped Sif Muna.
Sif Muna was most pleased with you.
You visited 1 branch

Inventory:

Hand Weapons
 g - a +2 falchion (weapon)
Missiles
 l - a curare-tipped dart
Scrolls
 f - a scroll of blinking
 i - 2 scrolls of vulnerability
 j - 5 scrolls of amnesia
 k - a scroll of butterflies
Potions
 a - 5 potions of magic
 b - 6 potions of curing
 c - 6 potions of heal wounds
 d - a potion of haste
 e - 3 potions of berserk rage
 h - 2 potions of invisibility


   Skills:
 - Level 0.5 Fighting
 - Level 2.8 Long Blades
 + Level 4.8 Dodging
 - Level 4.7 Stealth
 * Level 6.2 Spellcasting
 * Level 3.6 Conjurations
 + Level 8.2 Fire Magic
 + Level 2.2 Invocations


You had 7 spell levels left.
You knew the following spells:

 Your Spells              Type           Power      Damage    Failure   Level
a - Foxfire               Conj/Fire      100%       2x1d9     1%          1
b - Scorch                Fire           78%        2d8       1%          2
c - Inner Flame           Hex/Fire       22%        N/A       5%          3
d - Flame Wave            Conj/Fire      30%        2d9       9%          4

Your spell library contained the following spells:

 Spells                   Type           Power      Damage    Failure   Level
 Volatile Blastmotes      Fire/Tloc      44%        2d13      5%          3


Dungeon Overview and Level Annotations

Branches:
Dungeon (1/1)

Altars:
Ashenzari
Cheibriados
Dithmenos
Elyvilon
Fedhas
Gozag
Hepliaklqana
Kikubaaqudgha
Makhleb
Nemelex Xobeh
Okawaru
Qazlal
Ru
Sif Muna
Trog
Uskayaw
Vehumet
Wu Jian
Xom
Yredelemnul
Zin
The Shining One
Beogh
Jiyva
Lugonu


Innate Abilities, Weirdness & Mutations

You cannot wear most types of armour.
You are amphibious.
You can wear up to eight rings at the same time.
Your skin changes colour to match your surroundings (Stealth+).
Your rubbery body absorbs attacks. (AC +1, EV +1)
((You are camouflaged when in or above water. (Stealth+)))
You have tentacles for arms and can constrict up to eight enemies at once.


Message History

A jackal comes into view.
The orc priest calls down the wrath of Beogh upon you.
Beogh smites you!
Unknown command.
Unknown command.
Unknown command.
Unknown command.
Casting: Scorch (safe; 1% risk of failure)
Confirm with . or Enter, or press ? or * to list all spells.
Casting: Flame Wave (quite dangerous; 10% risk of failure)
Press: ? - help, Dir - look around, f - activate A wave of flame ripples out!
The flame wave engulfs your foxfire.
Your foxfire completely resists.
The flame wave engulfs the orc priest!
The orc priest is burned terribly!
You kill the orc priest!
Sif Muna accepts your kill. (Press . to intensify the flame waves.)
You hear a bark!
A jackal comes into view.
An orc comes into view. It is wielding a +0 club.
A jackal comes into view.
The jackal closely misses you.
The jackal moves out of view.
You hear a bark!
You hear a shout!
Your Invocations skill increases to level 2!
Unknown command.
A wave of flame ripples out!
The flame wave engulfs your foxfire.
Your foxfire completely resists.
The flame wave engulfs the jackal.
You kill the jackal!
Sif Muna accepts your kill.
You can now freely open your mind to new spells.
The flame wave engulfs the orc.
Flame seeps out of the orc.
The orc is lightly wounded.
Sif Muna accepts your kill.
You feel a bit more experienced.
You hear a shout!
The orc priest mumbles some strange prayers to Beogh against you.
Beogh smites you!
Ouch! That really hurt!
You die...

#'#####'#####.....
#.#..#...'.##.....
#.#..#...#.#####'#
#.#..#####.##.....
#.#..'..†#.##.....
#.#..'...'.##.....
#.#.)########...<.
#v#..'[))).##.....
#@#..#[))).##.....
#)###########.....
#.o ###### #.g.
#...# #o##G #o. #o
#.. .o


You could see a glass eye, an orc priest, an orc wizard, 3 orcs and a hobgoblin.

Vanquished Creatures
  A glass eye (D)
  A kobold brigand (D)
  An orc priest (D)
  An ufetubus (D)
  An endoplasm (D)
  2 jackals (D)
  2 ball pythons (D)
  A ball python zombie (D)
  A goblin (D)
  A rat (D)
12 creatures vanquished.

Vanquished Creatures (others)
  13 foxfires (D)
13 creatures vanquished.

Grand Total: 25 creatures vanquished

Notes
Turn   | Place    | Note
-------+----------+-------------------------------------------
     0 | D        | Conn the Octopode Fire Elementalist began the quest for the
                  | Orb.
     0 | D        | Reached XP level 1. HP: 11/11 MP: 3/3
    46 | D        | Found a bloodstained altar of Trog.
    46 | D        | Found a shimmering blue altar of Sif Muna.
    46 | D        | Found a viscous altar of Jiyva.
    46 | D        | Found a hazy altar of Hepliaklqana.
    46 | D        | Found an opulent altar of Gozag.
    47 | D        | Found a glowing golden altar of the Shining One.
    47 | D        | Found a glowing silver altar of Zin.
    47 | D        | Found a basalt altar of Yredelemnul.
    47 | D        | Found a shimmering altar of Xom.
    47 | D        | Found an ornate altar of the Wu Jian Council.
    47 | D        | Found a sacrificial altar of Ru.
    47 | D        | Found a stormy altar of Qazlal.
    47 | D        | Found an iron altar of Okawaru.
    47 | D        | Found a sparkling altar of Nemelex Xobeh.
    47 | D        | Found a burning altar of Makhleb.
    47 | D        | Found a blossoming altar of Fedhas.
    47 | D        | Found a white marble altar of Elyvilon.
    47 | D        | Found a shadowy altar of Dithmenos.
    47 | D        | Found a snail-covered altar of Cheibriados.
    49 | D        | Found a corrupted altar of Lugonu.
    49 | D        | Found a radiant altar of Vehumet.
    49 | D        | Found a roughly hewn altar of Beogh.
    50 | D        | Found an ancient bone altar of Kikubaaqudgha.
    50 | D        | Found a hide-covered altar of Uskayaw.
    50 | D        | Found a broken altar of Ashenzari.
    51 | D        | Became a worshipper of Sif Muna the Loreminder
    62 | D        | Noticed a glass eye
    74 | D        | Killed a glass eye
    75 | D        | Reached skill level 5 in Spellcasting
    75 | D        | Reached skill level 7 in Fire Magic
    75 | D        | Reached XP level 2. HP: 18/18 MP: 5/8
    75 | D        | Reached XP level 3. HP: 22/22 MP: 5/9
    75 | D        | Reached XP level 4. HP: 27/27 MP: 6/11
    75 | D        | Reached XP level 5. HP: 32/32 MP: 6/12
    80 | D        | Learned a level 2 spell: Scorch
    84 | D        | Learned a level 3 spell: Inner Flame
    89 | D        | Learned a level 4 spell: Flame Wave
   128 | D        | Reached * piety under Sif Muna
   142 | D        | Noticed a kobold brigand
   142 | D        | Reached ** piety under Sif Muna
   147 | D        | Killed a kobold brigand
   148 | D        | Reached skill level 8 in Fire Magic
   148 | D        | Reached skill level 1 in Invocations
   148 | D        | Reached XP level 6. HP: 37/37 MP: 4/15
   285 | D        | Noticed a glass eye
   287 | D        | Noticed an orc warrior
   291 | D        | Reached *** piety under Sif Muna
   291 | D        | Killed from afar by an orc priest

Illustrated notes

Levels and vault maps discovered:
D:        pitsprint [storerooms_1, entrance_room_1, metal_vault_7, armoury_3,
          mini_pit_1, grid_room_1, main_hall_1, silver_pit, the_coven_2,
          the_vestibule_1, steel_vault_3, golden_pit, hallway_of_sentries,
          crystal_vault_3, iron_vault_1, final_vault]

Skill      XL: |  1  2  3  4  5  6 |
---------------+-------------------+-----
Long Blades    | 2 |  2.8
Dodging        | 4 |  4.8
Stealth        | 4 |  4.7
Spellcasting   | 5 6 |  6.2
Fire Magic     | 7 8 |  8.2
Conjurations   | 3 |  3.6
Invocations    | 1 2 |  2.2
Fighting       | |  0.5

Action                     |  1- 3 |  4- 6 || total
---------------------------+-------+-------++-------
  Melee: Falchion          |    12 |     3 ||    15
         Tentacles         |     3 |       ||     3
         Constrict         |     2 |       ||     2
   Cast: Foxfire           |     2 |     6 ||     8
         Scorch            |       |     3 ||     3
         Inner Flame       |       |     1 ||     1
         Flame Wave        |       |     1 ||     1
   Stab: Sleeping          |       |     2 ||     2
 Armour: Skin              |       |     1 ||     1
  Dodge: Dodged            |       |     1 ||     1

Table legend: (Time is in decaauts)
 A = Elapsed time spent in this place.
 B = Non-inter-level travel time spent in this place.
 C = Inter-level travel time spent in this place.
 D = Time resting spent in this place.
 E = Time spent auto-exploring this place.
 F = Levels seen in this place.
 G = Mean time per level.
                   A        B        C        D        E       F      G
               +--------+--------+--------+--------+--------+-----+--------+
         Total |    294 |    294 |      0 |     36 |     96 |   1 |  294.0 |
       Dungeon |    294 |    294 |      0 |     36 |     96 |   1 |  294.0 |
               +--------+--------+--------+--------+--------+-----+--------+

Top non-repeatable levels by time:
       D: 294 daAuts
